 Dungeon Crawl Stone Soup version 0.31.0-9-g3a7656b989 (webtiles) character file.

Game seed: 5822165962981997913

112 qw the Skirmisher (level 4, -2/25 HPs)
             Began as a Deep Elf Hunter on Feb 2, 2024.
             Slain by an orc wizard
             ... wielding a +0 dagger
              (4 damage)
             ... on level 3 of the Dungeon.
             The game lasted 00:00:06 (1581 turns).

qw the Skirmisher (Deep Elf Hunter)                 Turns: 1581, Time: 00:00:06

Health: -2/25      AC:  6    Str: 10    XL:     4   Next: 63%
Magic:  6/6        EV: 11    Int: 14    God:
Gold:   62         SH:  0    Dex: 18    Spells: 3/3 levels left

rFire   . . .        a - +0 shortbow
rCold   . . .        (shield currently unavailable)
rNeg    . . .        d - +1 ring mail
rPois   .            (no helmet)
rElec   .            (no cloak)
rCorr   .            (no gloves)
SInv    .            (no boots)
Will    .....        (no amulet)
Stlth   +            (no ring)
HPRegen 0.24/turn    (no ring)
MPRegen 0.10/turn

%: no passive effects
@: no status effects
A: no striking features
a: no special abilities


You were on level 3 of the Dungeon.
You visited 1 branch of the dungeon, and saw 3 of its levels.

You collected 62 gold pieces.


   Skills:
 - Level 1.5 Fighting
 + Level 8.1 Ranged Weapons
 - Level 2.4 Dodging
 - Level 1.2 Stealth


You had 3 spell levels left.
You didn't know any spells.
Your spell library was empty.

Inventory:

Hand Weapons
 a - a +0 shortbow (weapon)
Armour
 d - a +1 ring mail (worn)
Potions
 f - a potion of mutation

Dungeon Overview and Level Annotations

Branches:
Dungeon (3/15)

Altars:


Message History

The arrow hits the orc but does no damage.
The orc is almost dead.
The orc completely misses you. Something hits you but does no damage.
You shoot an arrow. The arrow closely misses the orc.
The orc hits you with a +0 hand axe.
You shoot an arrow. The arrow completely misses the orc.
The arrow hits the orc.
The orc is moderately wounded.
An orc wizard comes into view. It is wielding a +0 dagger.
The orc hits you but does no damage. Something hits you but does no damage.
You shoot an arrow.
The arrow hits the orc but does no damage.
The orc is almost dead.
The orc wizard gestures wildly while chanting.
The orc wizard flickers and vanishes!
The orc barely misses you. Something hits you but does no damage.
You shoot an arrow.
The arrow hits the orc but does no damage.
The orc is almost dead.
Something hits you.
1577 ||| FLEEEEING.
You shoot an arrow. Something hits you.
1578 ||| FLEEEEING.
You shoot an arrow. Something hits you but does no damage.
You hear some strange, mumbled words.
A magic dart appears from out of thin air!
The magic dart hits you!
1579 ||| FLEEEEING.
You shoot an arrow.
Reactivating autopickup.
You feel a bit more experienced.
Your Ranged Weapons skill increases to level 8!
You shoot an arrow. The arrow barely misses the orc.
The arrow hits the orc!
You kill the orc!
Something hits you.
Deactivating autopickup; reactivate with Ctrl-A.
The orc hits you with a +0 hand axe.
Autopickup is now on.
You shoot an arrow. The arrow hits the orc.
You kill the orc!
Something hits you.
You die...

#### ...#
#..# #..#
#..# #
#..#
#..##.#<.#
#....))@.#
#####.####
... ###


There were no monsters in sight!

Vanquished Creatures
  Terence (D:2)
  An orc wizard (D:3)
  An adder (D:2)
  A dart slug (D:1)
  3 ribbon worms (D:2)
  3 orcs
  3 ball pythons
  5 bats (D:2)
  4 endoplasms
  3 giant cockroaches
  4 goblins (D:2)
  A hobgoblin (D:2)
  4 quokkas
  4 frilled lizards
  3 kobolds (D:2)
  4 rats
45 creatures vanquished.

Notes
Turn   | Place    | Note
-------+----------+-------------------------------------------
     0 | D:1      | qw the Deep Elf Hunter began the quest for the Orb.
     0 | D:1      | Reached XP level 1. HP: 12/12 MP: 3/3
     0 | D:1      | 0 ||| qw: Version: 0.3-a-155-g5e7d8dd
     0 | D:1      | 0 ||| qw: Game counter: 1837
     0 | D:1      | 0 ||| qw: Melee chars always use a shield: true
     0 | D:1      | 0 ||| qw: God list: Okawaru
     0 | D:1      | 0 ||| qw: Allow faded altars: false
     0 | D:1      | 0 ||| qw: Do Orc after clearing Dungeon:15 true
     0 | D:1      | 0 ||| qw: Do second Lair branch before Depths: true
     0 | D:1      | 0 ||| qw: Lair rune preference: random
     0 | D:1      | 0 ||| qw: Goals: Normal
     0 | D:1      | 0 ||| PLANNING D:1-11
   148 | D:1      | Reached skill level 6 in Ranged Weapons
   148 | D:1      | Reached XP level 2. HP: 16/16 MP: 4/4
   268 | D:1      | Found a faded altar of an unknown god.
   481 | D:1      | 481 ||| READING scroll labelled CIUF SAAH QASE.
   481 | D:1      | 481 ||| ENCHANTING +0 shortbow.
   482 | D:1      | 482 ||| READING scroll labelled HUXUAW OPSU.
   514 | D:1      | 514 ||| READING scroll labelled CUINUFOAWK.
   518 | D:1      | 518 ||| DROPPING scroll of butterflies.
   592 | D:2      | Noticed Terence
   604 | D:2      | Killed Terence
   605 | D:2      | Reached XP level 3. HP: 20/20 MP: 5/5
   622 | D:2      | Reached skill level 7 in Ranged Weapons
   893 | D:2      | Reached XP level 4. HP: 25/25 MP: 6/6
  1343 | D:2      | 1343 ||| UPGRADING to +0 ring mail.
  1353 | D:2      | 1353 ||| DROPPING +0 leather armour.
  1354 | D:2      | 1354 ||| READING scroll of enchant armour.
  1354 | D:2      | 1354 ||| ENCHANTING +0 ring mail.
  1355 | D:2      | 1355 ||| READING 2 scrolls labelled OMNIQO RUDUAL.
  1355 | D:2      | 1355 ||| IDENTIFYING fuming coppery potion
  1356 | D:2      | 1356 ||| READING scroll of identify.
  1356 | D:2      | 1356 ||| IDENTIFYING bubbling golden potion
  1357 | D:2      | 1357 ||| READING scroll labelled JEFUAF TEDUBB.
  1458 | D:2      | 1458 ||| READING scroll labelled GOMIGU FOATHRUI.
  1459 | D:2      | 1459 ||| DROPPING potion of magic.
  1461 | D:2      | 1461 ||| Stepping ~*~*~tactically~*~*~ (cloud).
  1577 | D:3      | 1577 ||| FLEEEEING.
  1578 | D:3      | 1578 ||| FLEEEEING.
  1578 | D:3      | HP: 6/25 [something/magic dart (8)]
  1579 | D:3      | 1579 ||| FLEEEEING.
  1580 | D:3      | Reached skill level 8 in Ranged Weapons
  1580 | D:3      | HP: 2/25 [orc/+0 hand axe (2)]
  1581 | D:3      | Slain by an orc wizard

Levels and vault maps discovered:
D:1:      dpeg_arrival_tiny_d, layout_basic,
          hellmonk_ecumenical_altar_heavens_door, reono_crystal_passage
D:2:      layout_loops_ring, minmay_between, uniq_terence
D:3:      layout_loops_cross, trog_wizard, biasface_ghost_orc_armoury,
          chequers_serial_rivers_large_a, uniq_jessica, uniq_robin, uniq_ijyb

Skill      XL: |  1  2  3  4 |
---------------+-------------+-----
Ranged Weapons | 6 7 8 |  8.1
Fighting       | |  1.5
Dodging        | |  2.4
Stealth        | |  1.2

Action                     |  1- 3 |  4- 6 || total
---------------------------+-------+-------++-------
   Fire: Shortbow          |    90 |    44 ||   134
    Use: Scroll            |     3 |     5 ||     8
 Armour: Leather armour    |     4 |     3 ||     7
         Ring mail         |       |    14 ||    14
  Dodge: Dodged            |    14 |     7 ||    21

Table legend:
 A = Non-vault XP
 B = Vault XP
 C = Vault XP percentage of total XP
 D = Non-vault monster count
 E = Vault monster count
 F = Vault count percentage of total count
                 A         B        C        D         E       F
            +---------+---------+-------+---------+---------+-------
      Total |     122 |      41 |  25.2 |      41 |       4 |   8.9
            +---------+---------+-------+---------+---------+-------
        D:1 |      20 |       0 |   0.0 |      10 |       0 |   0.0
        D:2 |      60 |      41 |  40.6 |      27 |       4 |  12.9
        D:3 |      42 |       0 |   0.0 |       4 |       0 |   0.0
            +---------+---------+-------+---------+---------+-------
